 Dungeon Crawl Stone Soup version 0.31.0-32-g396128a36d (webtiles) character file.

Game seed: 5378799197063912871

5703 RavenHaven the Trooper (level 10, -7/102 HPs)
             Began as a Troll Gladiator on Apr 1, 2024.
             Was a Believer of Okawaru.
             Mangled by an orc warrior
             ... wielding a +0 battleaxe
              (10 damage)
             ... in a bailey.
             The game lasted 00:10:50 (7374 turns).

RavenHaven the Trooper (Troll Gladiator)            Turns: 7374, Time: 00:10:51

Health: -7/102     AC:  6    Str: 28    XL:     10   Next: 48%
Magic:  23/23      EV: 10    Int:  4    God:    Okawaru [**....]
Gold:   778        SH:  5    Dex: 11    Spells: 9/9 levels left

rFire   + .          .
                       - Unarmed
rCold   + . .        (no shield)
rNeg    . . .        o - +2 robe {rC+ rF+}
rPois   .            b - +0 hat
rElec   .            (no cloak)
rCorr   .            (gloves unavailable)
SInv    .            (boots unavailable)
Will    .....        A - amulet of reflection
Stlth   +            L - ring of flight
HPRegen 1.17/turn    M - ring of magical power
MPRegen 0.18/turn

%: reflection
@: mighty, flying, slowed, very slow
A: large, unfitting armour, claws 3, regeneration 1, shaggy fur 1, tough skin 1
a: Renounce Religion, Heroism


You were in a bailey.
You worshipped Okawaru.
Okawaru was pleased with you.
You visited 2 branches of the dungeon, and saw 10 of its levels.
You also visited: Bailey.

You collected 968 gold pieces.
You spent 190 gold pieces at shops.


Innate Abilities, Weirdness & Mutations

You are too large for most types of armour.
You have claws for hands.
Your natural rate of healing is unusually fast.
You are covered in fur. (AC +1)
You have tough skin. (AC +1)


   Skills:
 - Level 7.0 Fighting
 - Level 6.0 Throwing
 + Level 4.0 Dodging
 - Level 7.0 Unarmed Combat
 - Level 7.0 Invocations
 - Level 4.0 Evocations


You had 9 spell levels left.
You didn't know any spells.
Your spell library contained the following spells:

 Spells                   Type           Power      Damage    Failure   Level
 Ensorcelled Hibernation  Hex/Ice        0%         N/A       65%         2
 Lesser Beckoning         Tloc           0%         N/A       65%         2
 Scorch                   Fire           0%         2d5       65%         2
 Static Discharge         Conj/Air       0%         3-3/arc   65%         2
 Fugue of the Fallen      Necr           0%         N/A       86%         3
 Gell's Gravitas          Tloc           0%         N/A       86%         3
 Teleport Other           Tloc           0%         N/A       86%         3
 Airstrike                Air            0%         2d(0-16)  99%         4
 Anguish                  Hex/Necr       0%         N/A       99%         4
 Flame Wave               Conj/Fire      0%         2d4       99%         4
 Summon Small Mammal      Summ           Unusable   N/A       N/A         1
 Call Canine Familiar     Summ           Unusable   N/A       N/A         3
 Summon Blazeheart Golem  Fire/Summ      Unusable   N/A       N/A         4
 Summon Lightning Spire   Summ/Air       Unusable   N/A       N/A         4
 Summon Cactus Giant      Summ           Unusable   N/A       N/A         6

Inventory:

Missiles
 c - 4 throwing nets {=f}
 d - a large rock {=f}
 g - 2 javelins
 t - 18 poisoned darts (quivered)
Armour
 b - a +0 hat (worn)
 o - a +2 robe of resistance (worn)
Jewellery
 A - an amulet of reflection (around neck)
 L - a ring of flight (left claw)
 M - a ring of magical power (right claw)
Talismans
 k - a serpent talisman
Wands
 a - a wand of roots (10)
 q - a wand of light (5)
 s - a wand of polymorph (6)
 y - a wand of flame (13)
Scrolls
 e - a scroll of amnesia {unknown}
 i - a scroll of fear {unknown}
 j - 2 scrolls of noise {unknown}
 l - 3 scrolls of blinking {unknown}
 m - 2 scrolls of teleportation {@r2}
 p - a scroll of revelation
 v - 2 scrolls of poison {unknown}
 B - a scroll of immolation
 C - a scroll of fog {unknown}
 D - a scroll of brand weapon {unknown}
Potions
 f - 2 potions of haste {@q3}
 h - 5 potions of curing {@q1}
 n - a potion of enlightenment
 r - a potion of might
 u - a potion of magic
 w - 2 potions of lignification
 x - 2 potions of attraction
 z - 2 potions of brilliance

Dungeon Overview and Level Annotations

Branches:
Dungeon (9/15)             Temple (1/1) D:5            Lair (0/5) D:8
 Bailey (1/1)
    Orc: D:9-12

Altars:
Ashenzari
Dithmenos
Elyvilon
Hepliaklqana
Kikubaaqudgha
Makhleb
Okawaru
Ru
Sif Muna
Trog
Uskayaw
Vehumet
Wu Jian
Xom
Yredelemnul
Zin
The Shining One

Shops:
D:3 : D:5

!
▒▒▒~~.......~~▒▒
...~~.......~~..
▒▒▒~~.......~~▒
▒▒~.......~▒▒
▒▒▒▒'''▒▒▒▒
▒▒.))..▒▒
▒∩(....∩▒
▒...8Ko.▒
▒▒..Ko@▒▒
▒▒▒o▒▒▒ ▒K..
...... .......K
...........
.......o...K
.............


You could see 3 orc warriors and 3 kobold brigands.


Message History

You are too injured to fight recklessly!
You are too injured to fight recklessly!
You are too injured to fight recklessly!
You are too injured to fight recklessly!
You are too injured to fight recklessly!
You are too injured to fight recklessly!
You are too injured to fight recklessly!
You are too injured to fight recklessly!
Unknown command.
You are too injured to fight recklessly!
You feel sick.
You feel very mighty all of a sudden.
You feel sick.
You are no longer poisoned.
The kobold brigand hits you but does no damage.
The orc warrior hits you with a +0 battleaxe!
* * * LOW HITPOINT WARNING * * *
The kobold brigand barely misses you.
You claw the orc warrior!
The orc warrior is heavily wounded.
You block the orc warrior's attack.
The orc warrior hits you with a +0 battleaxe!!
* * * LOW HITPOINT WARNING * * *
The kobold brigand hits you with a +0 war axe.
* * * LOW HITPOINT WARNING * * *
You claw the orc warrior!
The orc warrior is almost dead.
The orc warrior misses you.
The orc warrior hits you with a +0 battleaxe!
You die...

Skill      XL: |  1  2  3  4  5  6  7  8  9 10 |
---------------+-------------------------------+-----
Fighting       | 2 3 4 5 7 |  7.0
Unarmed Combat | 4 5 7 |  7.0
Throwing       | 3 4 6 |  6.0
Evocations     | 2 3 4 |  4.0
Dodging        | 4 |  4.0
Invocations    | 3 7 |  7.0

Action                     |  1- 3 |  4- 6 |  7- 9 | 10-12 || total
---------------------------+-------+-------+-------+-------++-------
  Melee: Unarmed           |   100 |    66 |   301 |   161 ||   628
         Punch             |     1 |     2 |     6 |     8 ||    17
  Throw: Dart              |       |       |     1 |       ||     1
    Use: Scroll            |       |       |     6 |     2 ||     8
         Potion            |       |       |       |     1 ||     1
   Stab: Sleeping          |     2 |       |     1 |       ||     3
 Armour: Robe              |    57 |    53 |   190 |   112 ||   412
  Dodge: Dodged            |    58 |    35 |   102 |    97 ||   292
  Block: Other             |       |       |       |    31 ||    31
         Reflection        |       |       |       |     4 ||     4

Levels and vault maps discovered:
D:1:      dpeg_arrival_erosion, layout_basic,
          dilly_ecumenical_altar_fadedgnrine, st_stairs_9,
          minmay_gold_behind_fungi
D:2:      layout_rooms, kennysheep_generic_room_7
D:3:      layout_loops_corners, mainiacjoe_overflow_alcove_4, serial_shops,
          nicolae_shop_mannequins, uniq_sigmund
D:4:      layout_gridville, fiery_altar_vehumet, nzn_wu_jian_contemplation,
          st_stairs_2, kennysheep_donut
D:5:      layout_loops_ring, minmay_temple_entry_waves, serial_shops,
          nicolae_shop_just_a_little_nook
D:6:      layout_basic, nicolae_dithmenos_shadow_blocks,
          lemuel_zombie_altar_yredelemnul, mainiacjoe_overflow_24_doors,
          grunt_ministairs_11, chequers_decorated_corner, uniq_menkaure,
          uniq_blork_the_orc
D:7:      layout_cave_pods, mainiacjoe_overflow_six_doors_small,
          okawaru_trees_2, mainiacjoe_overflow_cross_hatched,
          amcnicky_mini_corridor_feature, kennysheep_pointless_box, uniq_joseph
D:8:      layout_loops_ring, lemuel_round_altar, lair_entry_dummy, uniq_psyche
D:9:      gammafunk_sealed_arena, layout_long_grid, bloody_trog,
          mainiacjoe_overflow_catwalk_spiral, enter_bailey_5,
          kennysheep_generic_room_2
Temple:   hellmonk_temple_micro_hex
Bailey:   bailey_axe_3, bailey

Notes
Turn   | Place    | Note
-------+----------+-------------------------------------------
     0 | D:1      | RavenHaven the Troll Gladiator began the quest for the Orb.
     0 | D:1      | Reached XP level 1. HP: 19/19 MP: 0/0
    94 | D:1      | Reached skill level 2 in Fighting
   118 | D:1      | Reached XP level 2. HP: 23/28 MP: 1/1
   381 | D:1      | You fall into a shaft and drop 1 floor!
   601 | D:1      | Found a faded altar of an unknown god.
   910 | D:1      | Reached XP level 3. HP: 35/36 MP: 2/2
  1104 | D:2      | Reached skill level 3 in Fighting
  1443 | D:2      | Reached XP level 4. HP: 45/45 MP: 3/3
  1705 | D:3      | Found Ytab's Book Boutique.
  1705 | D:3      | Noticed a walking earthen tome
  1705 | D:3      | Noticed a walking frostbound tome
  1953 | D:3      | Identified a +2 robe of resistance
  1953 | D:3      | Noticed Sigmund
  1987 | D:3      | Killed Sigmund
  1988 | D:3      | Reached skill level 4 in Fighting
  1988 | D:3      | Reached skill level 4 in Unarmed Combat
  1988 | D:3      | Reached skill level 3 in Throwing
  1988 | D:3      | Reached XP level 5. HP: 39/54 MP: 4/4
  1988 | D:3      | Reached XP level 6. HP: 45/62 MP: 5/5
  2187 | D:3      | Found a hazy altar of Hepliaklqana.
  2637 | D:4      | Found a radiant altar of Vehumet.
  2649 | D:4      | Reached skill level 4 in Throwing
  2681 | D:4      | Found an ornate altar of the Wu Jian Council.
  2867 | D:4      | Reached XP level 7. HP: 69/71 MP: 6/6
  3177 | D:4      | Reached skill level 5 in Unarmed Combat
  3455 | D:5      | Entered Level 5 of the Dungeon
  3463 | D:5      | Reached skill level 5 in Fighting
  3463 | D:5      | Reached skill level 1 in Evocations
  3540 | D:5      | Reached skill level 2 in Evocations
  3643 | D:5      | Reached XP level 8. HP: 83/83 MP: 7/7
  3650 | D:5      | Reached skill level 6 in Fighting
  3757 | D:5      | Found a staircase to the Ecumenical Temple.
  3773 | Temple   | Entered the Ecumenical Temple
  3795 | D:5      | Reached skill level 6 in Unarmed Combat
  3993 | D:5      | Reached skill level 3 in Evocations
  4006 | D:5      | Found Cuppoh's Distillery.
  4012 | D:5      | Bought a potion of lignification for 30 gold pieces
  4012 | D:5      | Bought a potion of haste for 100 gold pieces
  4012 | D:5      | Bought a potion of curing for 30 gold pieces
  4012 | D:5      | Bought a potion of attraction for 30 gold pieces
  4369 | D:6      | Noticed Blork the orc
  4382 | D:6      | Killed Blork the orc
  4503 | D:6      | Found a shadowy altar of Dithmenos.
  4512 | D:6      | Reached skill level 7 in Fighting
  4634 | D:6      | Noticed Menkaure
  4642 | D:6      | Killed Menkaure
  4750 | D:6      | Found a glowing silver altar of Zin.
  4767 | D:6      | Reached skill level 7 in Unarmed Combat
  4767 | D:6      | Reached XP level 9. HP: 90/93 MP: 8/8
  4891 | D:6      | Reached skill level 4 in Evocations
  4992 | D:6      | Found a basalt altar of Yredelemnul.
  5047 | D:6      | Reached skill level 5 in Throwing
  5251 | D:7      | Found a broken altar of Ashenzari.
  5310 | D:7      | Found a shimmering blue altar of Sif Muna.
  5318 | D:7      | Reached skill level 6 in Throwing
  5374 | D:7      | Noticed Joseph
  5401 | D:7      | HP: 8/93 [Joseph/+0 quarterstaff (11)]
  5403 | D:7      | Killed Joseph
  5404 | D:7      | Reached skill level 4 in Dodging
  5545 | D:7      | Found an iron altar of Okawaru.
  5681 | D:7      | Became a worshipper of Warmaster Okawaru
  6052 | D:7      | Reached skill level 1 in Invocations
  6162 | D:8      | Found a white marble altar of Elyvilon.
  6173 | D:8      | Reached skill level 2 in Invocations
  6177 | D:8      | Reached skill level 3 in Invocations
  6232 | D:7      | Reached * piety under Okawaru
  6233 | D:7      | Reached XP level 10. HP: 43/102 MP: 11/11
  6288 | D:8      | Reached skill level 4 in Invocations
  6469 | D:8      | Reached skill level 5 in Invocations
  6544 | D:8      | Identified the +6 falchion of Income {drain, rN++ rCorr
                  | Int-5 Stlth+}
  6691 | D:8      | Noticed Psyche
  6699 | D:8      | Killed Psyche
  6699 | D:8      | Reached ** piety under Okawaru
  6825 | D:8      | Reached skill level 6 in Invocations
  7049 | D:8      | Found a staircase to the Lair.
  7210 | D:9      | Found a bloodstained altar of Trog.
  7222 | D:9      | Found a flagged portal.
  7238 | Bailey   | Entered a bailey
  7328 | Bailey   | Reached skill level 7 in Invocations
  7373 | Bailey   | HP: 6/102 [orc warrior/+0 battleaxe (22)]
  7373 | Bailey   | HP: 1/102 [kobold brigand/+0 war axe (5)]
  7374 | Bailey   | Mangled by an orc warrior

Vanquished Creatures
  Joseph (D:7)
  Psyche (D:8)
  Sigmund (D:3)
  A wyvern (D:8)
  6 yaks
  Menkaure (D:6)
  4 ice beasts
  2 orc warriors (Bailey)
  3 black bears
  3 ogres
  2 phantoms
  4 kobold brigands
  Blork the orc (D:6)
  3 bullfrogs
  A gnoll sergeant (D:8)
  A wyvern zombie (D:6)
  6 scorpions
  A water moccasin zombie (D:6)
  5 wights (D:6)
  4 killer bees (D:8)
  3 howler monkeys
  3 bombardier beetles
  2 hounds
  A jelly (D:4)
  A gnoll bouda (D:4)
  5 orc priests
  A sleepcap (D:6)
  2 iguanas (D:5)
  7 orc wizards
  20 gnolls
  6 adders
  2 shadow imps
  3 dart slugs (D:1)
  21 orcs
  8 endoplasms
  4 giant cockroaches
  9 goblins
  7 hobgoblins
  2 jackals (D:2)
  2 quokkas
  8 ball pythons
  7 bats
  6 frilled lizards
  20 kobolds
  5 rats
206 creatures vanquished.

Vanquished Creatures (others)
  A gnoll (D:4)
1 creature vanquished.

Grand Total: 207 creatures vanquished

Table legend: (Time is in decaauts)
 A = Elapsed time spent in this place.
 B = Non-inter-level travel time spent in this place.
 C = Inter-level travel time spent in this place.
 D = Time resting spent in this place.
 E = Time spent auto-exploring this place.
 F = Levels seen in this place.
 G = Mean time per level.
                   A        B        C        D        E       F      G
               +--------+--------+--------+--------+--------+-----+--------+
         Total |   7316 |   6957 |    359 |    459 |   5173 |  11 |  665.1 |
       Dungeon |   7179 |   6821 |    358 |    459 |   5114 |   9 |  797.7 |
        Temple |      1 |      0 |      1 |      0 |      0 |   1 |    1.0 |
        Bailey |    135 |    135 |      0 |      0 |     59 |   1 |  135.0 |
               +--------+--------+--------+--------+--------+-----+--------+

Top non-repeatable levels by time:
     D:7: 1071 daAuts
     D:1: 1056 daAuts
     D:3: 995 daAuts
     D:8: 980 daAuts
     D:5: 860 daAuts
     D:4: 858 daAuts
     D:6: 795 daAuts
     D:2: 531 daAuts
  Bailey: 135 daAuts
     D:9: 29 daAuts
  Temple: 1 daAuts

Table legend:
 A = Non-vault XP
 B = Vault XP
 C = Vault XP percentage of total XP
 D = Non-vault monster count
 E = Vault monster count
 F = Vault count percentage of total count
                 A         B        C        D         E       F
            +---------+---------+-------+---------+---------+-------
      Total |    5875 |    2273 |  27.9 |     173 |      33 |  16.0
            +---------+---------+-------+---------+---------+-------
        D:1 |      38 |       3 |   7.3 |      19 |       2 |   9.5
        D:2 |      54 |       2 |   3.6 |      20 |       2 |   9.1
        D:3 |      76 |     259 |  77.3 |      14 |       1 |   6.7
        D:4 |     479 |      16 |   3.2 |      20 |       2 |   9.1
        D:5 |    1188 |       0 |   0.0 |      29 |       0 |   0.0
        D:6 |     982 |     595 |  37.7 |      22 |       6 |  21.4
        D:7 |     854 |     471 |  35.5 |      10 |       1 |   9.1
        D:8 |    2204 |     340 |  13.4 |      39 |       1 |   2.5
        D:9 |       0 |       8 | 100.0 |       0 |       4 | 100.0
     Bailey |       0 |     579 | 100.0 |       0 |      14 | 100.0
            +---------+---------+-------+---------+---------+-------
